Map: [ESL] Oceanborn

Players

GuMiho

  • Race: Terran Terran
  • Spawn Location: 11:00

trigger - Winner!

  • Race: Protoss Protoss
  • Spawn Location: 5:00

Event: IEM Katowice 2024

VOD

Have the link to the VOD?

Description

Time

  • Played on: Feb. 8, 2024, 6:50 a.m.
  • Length: 21:01

All games in this series

Show
View Real Time Build Order
Export as new Build Order

GuMiho Terran 

Build Orders: Cyclone Opening, Reaper Expand 

Get SALT Encoding   

  12  0:00  SCV  
  13  0:12  SCV  
  14  0:17  Supply Depot  
  14  0:24  SCV  
  15  0:38  SCV  
  15  0:40  Barracks  
  15  0:42  Refinery  
  16  0:50  SCV  
  17  1:03  SCV  
  18  1:15  SCV  
  19  1:26  Reaper  
  19  1:27  Orbital Command  
  20  1:42  Command Center  
  20  1:46  Supply Depot  
  20  1:52  SCV  
  21  1:58  Marine  
  22  2:03  Factory  
  22  2:06  SCV  
  23  2:13  Refinery  
  23  2:16  Marine  
  23  2:18  SCV  
  25  2:30  SCV  
  25  2:35  Barracks Reactor  
  26  2:42  SCV  
  27  2:51  Starport  
  27  2:54  Orbital Command, SCV  
  28  2:58  Cyclone  
  30  3:06  SCV  
  30  3:10  Marine  
  30  3:11  Marine  
  33  3:15  Supply Depot  
  33  3:18  SCV  
  34  3:20  SCV  
  35  3:27  Liberator  
  35  3:30  Marine x2  
  35  3:31  SCV  
  35  3:32  SCV  
  42  3:34  Factory Tech Lab  
  42  3:38  Barracks  
  42  3:43  Barracks  
  42  3:46  SCV  
  42  3:48  SCV  
  44  3:49  Marine  
  44  3:53  Supply Depot  
  44  3:54  Marine  
  46  3:59  SCV  
  46  4:00  SCV  
  48  4:03  Siege Tank  
  48  4:08  Supply Depot  
  51  4:11  Starport Tech Lab  
  51  4:12  Marine x2  
  51  4:13  SCV  
  51  4:16  SCV  
  55  4:21  Supply Depot  
  55  4:25  SCV  
  55  4:28  SCV  
  56  4:33  Engineering Bay  
  56  4:37  Stimpack, SCV  
  56  4:38  Supply Depot  
  57  4:40  SCV, Marauder  
  57  4:42  Marauder  
  57  4:43  Marine  
  57  4:45  Marine  
  63  4:49  Combat Shield  
  63  4:51  SCV  
  65  4:53  SCV  
  65  4:59  Terran Infantry Weapons Level 1  
  66  5:01  Supply Depot  
  66  5:03  Marauder  
  68  5:07  Supply Depot  
  68  5:10  Marauder  
  66  5:14  Marine x2  
  64  5:25  Marauder  
  64  5:29  SCV  
  64  5:31  Marine  
  64  5:32  Marine x2  
  64  5:33  Medivac  
  70  5:44  SCV x2  
  70  5:46  Supply Depot, Marine  
  70  5:48  Widow Mine  
  70  5:49  Marauder  
  76  5:50  Marine x2  
  76  5:56  SCV x2  
  80  5:57  Refinery  
  76  6:04  Marauder  
  76  6:05  Medivac  
  76  6:07  Marine  
  76  6:08  Marine  
  76  6:11  Marauder  
  75  6:15  SCV x2  
  75  6:25  Marine x2  
  75  6:27  SCV x2  
  75  6:29  Concussive Shells  
  75  6:32  Marauder, Supply Depot  
  80  6:33  Missile Turret  
  80  6:39  SCV x2  
  82  6:43  Marauder  
  78  6:47  Marine  
  78  6:48  Medivac  
  78  6:51  SCV  
  78  6:52  SCV  
  78  6:54  Marauder  
  84  6:55  Marine  
  84  7:00  Factory Reactor  
  83  7:04  Marauder  
  83  7:07  Command Center  
  83  7:11  Supply Depot  
  83  7:13  Marine x2  
  83  7:15  Marauder  
  85  7:16  SCV x2  
  85  7:19  Medivac  
  89  7:24  Barracks  
  89  7:26  Marauder  
  89  7:36  Marauder  
  88  7:38  Marine x2  
  88  7:40  SCV x2  
  88  7:44  Terran Infantry Armor Level 1  
  92  7:46  Refinery  
  92  7:47  Marauder  
  92  7:48  Factory Reactor  
  93  7:52  SCV  
  93  7:53  SCV  
  93  7:58  Marauder  
  97  8:04  Marine, SCV  
  97  8:05  Marine, SCV  
  101  8:09  Marauder  
  102  8:17  Barracks, SCV x2, Supply Depot  
  102  8:18  Medivac x2  
  102  8:19  Marauder, Supply Depot  
  109  8:21  Barracks Tech Lab  
  109  8:29  SCV x2  
  109  8:31  Marine x2, Marauder, Refinery  
  115  8:36  Refinery  
  115  8:40  Marauder  
  116  8:41  SCV x2  
  116  8:42  Orbital Command, Supply Depot  
  116  8:47  Ghost Academy  
  118  8:50  Missile Turret  
  118  8:52  Viking  
  118  8:53  SCV x2  
  122  8:57  Viking  
  122  9:01  Widow Mine x2  
  128  9:05  SCV x2  
  128  9:09  Missile Turret, SCV  
  131  9:16  Barracks Reactor  
  131  9:17  Sensor Tower, SCV  
  131  9:18  Supply Depot  
  131  9:21  Supply Depot  
  131  9:22  Ghost x2  
  131  9:23  Ghost  
  138  9:26  SCV x2  
  138  9:30  SCV  
  140  9:40  Marine x2  
  142  9:46  Supply Depot  
  142  9:48  Viking x2, Supply Depot  
  142  9:51  Marauder x2  
  142  9:52  Marauder  
  150  10:06  Marine x2  
  149  10:12  Marauder  
  149  10:13  Marauder  
  149  10:14  Marauder  
  149  10:19  Viking x2  
  145  10:21  Marine x2  
  145  10:27  Armory  
  147  10:33  Marine x2  
  147  10:34  Marauder x2  
  147  10:35  Marauder, Widow Mine x2  
  159  10:39  Marine  
  160  10:43  Supply Depot  
  160  10:44  Engineering Bay  
  160  10:47  SCV x3  
  160  10:48  Sensor Tower  
  160  10:49  Viking x2  
  167  10:54  Ghost  
  167  10:55  Ghost x2  
  173  10:59  Supply Depot  
  173  11:04  Missile Turret  
  173  11:08  Command Center  
  173  11:11  SCV  
  173  11:12  SCV x2  
  176  11:18  Terran Infantry Weapons Level 2  
  176  11:19  Viking x2  
  176  11:20  Terran Infantry Armor Level 2  
  180  11:27  Marauder x3  
  180  11:31  Barracks  
  186  11:33  Barracks  
  186  11:37  Barracks  
  186  11:41  Starport  
  186  11:48  Missile Turret  
  186  11:52  Marauder x3, Marine  
  192  11:58  Viking x2  
  196  12:04  Command Center  
  192  12:15  SCV  
  192  12:17  Fusion Core  
  192  12:18  Terran Ship Weapons Level 1  
  193  12:26  Command Center  
  193  12:28  Ghost x2, SCV  
  193  12:29  Barracks Reactor, Barracks Tech Lab x2  
  198  12:41  Planetary Fortress  
  197  12:45  Marauder, Marine  
  200  13:02  Marauder x3  
  200  13:03  Marine x4, Marauder  
  200  13:04  Liberator x2  
  199  13:09  Refinery  
  199  13:11  Refinery  
  197  13:20  Marine  
  197  13:24  Marauder  
  182  13:38  Marauder  
  182  13:41  Marine x3, Marauder x3  
  165  13:44  Marine  
  165  13:45  Marauder  
  165  13:49  Orbital Command x2  
  165  13:52  Terran Infantry Weapons Level 3  
  165  13:55  Terran Infantry Armor Level 3  
  165  13:58  Liberator  
  165  14:00  Marauder  
  165  14:02  Marauder x3  
  174  14:10  Liberator x2  
  169  14:34  Marauder x2, Marine x3  
  169  14:35  Caduceus Reactor  
  169  14:36  Marine  
  164  14:39  Marauder x2, Marine x2  
  168  14:55  Marauder, Marine x4  
  164  15:11  Marauder, Marine  
  164  15:13  Marauder, Marine x2  
  163  15:16  Marauder, Marine x2  
  165  15:23  Liberator x4  
  165  15:25  Marine  
  165  15:26  Marauder x2  
  182  15:28  Marine  
  182  15:31  Advanced Ballistics, Marine x2  
  182  15:32  Marauder  
  182  15:34  Marine x2  
  183  15:39  Ghost x2  
  159  15:57  Marine  
  159  15:58  Marauder, Marine  
  163  16:06  Liberator x2  
  163  16:07  Marauder x2, Marine x2  
  163  16:08  Missile Turret  
  175  16:12  Marine x2  
  175  16:13  Marauder  
  163  16:19  Marine x2  
  163  16:20  Marauder  
  163  16:25  Marine, Marauder  
  170  16:26  Marine  
  170  16:29  Marauder  
  170  16:30  Marauder, Marine  
  174  16:35  Marauder, Marine  
  174  16:42  Marauder  
  174  16:46  Marauder  
  166  16:50  Marauder  
  160  16:59  Marauder  
  160  17:01  Orbital Command  
  155  17:03  Marauder  
  156  17:10  Marine  
  156  17:14  Missile Turret  
  153  17:18  Orbital Command, Marauder  
  155  17:23  Marine  
  155  17:24  Marauder, Marine  
  157  17:32  Missile Turret  
  157  17:33  Marine  
  157  17:34  Marauder  
  159  17:43  Marauder x2, Marine x2  
  120  17:54  Marauder  
  118  18:02  Marauder, Marine  
  115  18:11  Marauder x2  
  114  18:13  SCV x2  
  100  18:21  Marauder x2  
  100  18:22  Liberator  
  105  18:27  SCV x5  
  105  18:30  Marauder, Marine  
  111  18:38  Marauder, Marine x6  
  117  18:42  Marauder, Marine  
  118  18:48  Marine  
  118  18:49  Orbital Command  
  118  18:52  Marauder  
  121  18:55  Marine x2  
  121  18:56  Marine x2  
  121  18:57  Marauder  
  121  18:59  Marauder  
  121  19:00  Marauder  
  121  19:01  Medivac x2  
  134  19:02  Marine  
  134  19:04  Marauder  
  134  19:06  Marine  
  134  19:09  SCV  
  140  19:10  SCV x3  
  140  19:13  Marine  
  140  19:14  Marine  
  144  19:22  SCV  
  138  19:36  SCV x3  
  115  19:54  Liberator  
  107  20:00  Orbital Command  
  90  20:18  Orbital Command  
  69  20:30  Marine x8  
Show
View Real Time Build Order
Export as new Build Order

trigger Protoss - Winner!

Build Orders: 1 Gate Expand, Blink Stalkers 

Get SALT Encoding   

  12  0:00  Probe  
  13  0:12  Probe  
  14  0:17  Pylon  
  14  0:24  Probe (Chrono Boost)  
  16  0:36  Probe (Chrono Boost)  
  16  0:37  Gateway  
  16  0:43  Probe (Chrono Boost)  
  16  0:46  Assimilator  
  17  0:50  Probe  
  18  1:03  Probe  
  19  1:15  Probe  
  20  1:25  Cybernetics Core  
  20  1:32  Nexus  
  20  1:36  Probe  
  21  1:43  Pylon  
  21  1:49  Assimilator  
  21  1:51  Probe  
  22  1:58  Adept (Chrono Boost)  
  24  2:03  Warp Gate, Probe  
  25  2:15  Probe  
  26  2:21  Stalker (Chrono Boost)  
  28  2:27  Probe  
  29  2:33  Twilight Council  
  30  2:44  Probe (Chrono Boost)  
  30  2:45  Probe (Chrono Boost)  
  33  2:56  Probe x2 (Chrono Boost)  
  33  3:00  Gateway  
  33  3:05  Probe  
  34  3:06  Robotics Facility  
  34  3:07  Probe  
  34  3:11  Blink (Chrono Boost)  
  35  3:17  Probe  
  36  3:21  Probe  
  37  3:27  Gateway  
  37  3:30  Probe  
  37  3:32  Gateway  
  38  3:35  Probe  
  39  3:42  Probe  
  39  3:43  Pylon  
  39  3:47  Probe  
  41  3:52  Stalker  
  41  3:54  Stalker  
  45  3:58  Warp Prism (Chrono Boost)  
  47  4:03  Probe  
  47  4:04  Probe  
  47  4:07  Assimilator  
  49  4:13  Pylon  
  49  4:16  Probe  
  51  4:19  Stalker  
  51  4:20  Stalker  
  54  4:30  Pylon  
  54  4:32  Observer  
  54  4:35  Stalker x2  
  59  4:39  Probe x2  
  61  4:52  Probe  
  62  4:59  Stalker x4  
  70  5:12  Probe x2  
  70  5:24  Probe  
  70  5:27  Stalker  
  70  5:28  Pylon  
  69  5:31  Nexus  
  69  5:35  Probe  
  70  5:40  Pylon  
  70  5:49  Stalker  
  72  5:51  Stalker x3  
  72  5:55  Probe  
  78  5:58  Probe  
  75  6:05  Charge  
  75  6:08  Probe  
  76  6:16  Gateway  
  76  6:17  Gateway  
  76  6:21  Probe  
  75  6:25  Probe  
  75  6:27  Pylon  
  75  6:28  Forge  
  75  6:30  Shield Battery  
  75  6:31  Stalker x3  
  82  6:37  Probe  
  82  6:39  Probe  
  84  6:45  Probe (Chrono Boost)  
  84  6:46  Zealot  
  85  6:49  Probe (Chrono Boost)  
  85  6:51  Probe (Chrono Boost)  
  84  6:56  Zealot x3  
  84  6:57  Probe (Chrono Boost)  
  84  7:00  Probe x2 (Chrono Boost)  
  93  7:01  Protoss Ground Weapons Level 1 (Chrono Boost)  
  93  7:03  Probe (Chrono Boost)  
  93  7:07  Robotics Bay  
  93  7:08  Probe  
  94  7:09  Assimilator, Pylon  
  93  7:18  Zealot x4  
  93  7:19  Probe  
  102  7:33  Probe  
  103  7:37  Zealot x2  
  103  7:39  Pylon  
  103  7:40  Zealot x4  
  103  7:41  Probe x2  
  103  7:42  Pylon  
  115  7:54  Extended Thermal Lance  
  115  7:57  Pylon  
  115  7:59  Colossus (Chrono Boost)  
  115  8:01  Pylon  
  115  8:03  Gateway  
  115  8:05  Photon Cannon  
  115  8:06  Photon Cannon  
  115  8:21  Zealot x6  
  127  8:30  Colossus (Chrono Boost)  
  133  8:36  Pylon  
  133  8:44  Nexus  
  133  8:46  Sentry x2, Zealot  
  139  8:50  Protoss Ground Armor Level 1 (Chrono Boost)  
  139  8:59  Shield Battery  
  139  9:00  Zealot x3  
  145  9:02  Pylon  
  145  9:03  Pylon  
  145  9:06  Stalker  
  145  9:07  Stalker  
  149  9:11  Zealot x2  
  149  9:13  Observer  
  154  9:18  Pylon  
  154  9:21  Zealot x3  
  160  9:26  Gateway  
  160  9:29  Gateway  
  160  9:41  Zealot x2  
  160  9:42  Zealot x4  
  160  9:44  Zealot  
  174  9:52  Colossus (Chrono Boost)  
  178  10:03  Robotics Facility  
  176  10:08  Zealot x4  
  176  10:09  Zealot x2  
  168  10:19  Stalker  
  150  10:24  Probe x2  
  150  10:30  Observer  
  150  10:31  Stalker x3  
  156  10:36  Protoss Ground Weapons Level 2 (Chrono Boost)  
  156  10:39  Dark Shrine  
  156  10:42  Probe x3  
  165  10:45  Probe  
  165  10:49  Assimilator  
  166  10:51  Assimilator  
  166  10:52  Observer (Chrono Boost)  
  166  10:54  Probe x2  
  166  10:55  Photon Cannon, Probe  
  163  10:59  Photon Cannon  
  163  11:01  Disruptor (Chrono Boost)  
  171  11:12  Disruptor (Chrono Boost)  
  171  11:24  Gateway  
  175  11:25  Pylon  
  175  11:27  Nexus  
  175  11:28  Disruptor (Chrono Boost)  
  175  11:29  Disruptor (Chrono Boost), Pylon  
  179  11:40  Forge  
  179  11:42  Pylon  
  179  11:48  Robotics Facility  
  179  11:54  Colossus (Chrono Boost)  
  179  12:00  Disruptor (Chrono Boost)  
  179  12:01  Shadow Stride  
  185  12:27  Disruptor (Chrono Boost)  
  189  12:32  Assimilator  
  189  12:33  Disruptor (Chrono Boost)  
  189  12:35  Photon Cannon, Shield Battery  
  189  12:36  Protoss Ground Armor Level 2 (Chrono Boost), Shield Battery  
  193  12:37  Shield Battery  
  193  12:41  Assimilator, Shield Battery, Pylon  
  193  12:43  Pylon  
  191  12:44  Photon Cannon  
  185  12:57  Zealot x2  
  185  12:58  Zealot x3  
  199  12:59  Photon Cannon, Protoss Ground Weapons Level 3 (Chrono Boost)  
  195  13:06  Probe x3  
  195  13:07  Probe  
  195  13:08  Probe  
  200  13:18  Probe x3  
  199  13:21  Nexus, Gateway  
  199  13:23  Gateway  
  199  13:24  Gateway, Pylon  
  165  13:45  Disruptor  
  165  13:47  Zealot x10  
  189  13:56  Shield Battery  
  189  13:57  Photon Cannon  
  189  14:00  Photon Cannon  
  189  14:01  Observer, Disruptor, Photon Cannon  
  190  14:02  Pylon  
  190  14:03  Gateway  
  190  14:04  Pylon  
  190  14:21  Warp Prism  
  190  14:23  Disruptor  
  190  14:27  Observer  
  182  14:37  Disruptor  
  168  14:40  Zealot x7  
  168  14:41  Zealot x6  
  191  14:59  Probe  
  192  15:03  Zealot x7  
  185  15:26  Dark Templar x12  
  199  15:34  Nexus  
  195  15:56  Protoss Ground Armor Level 3 (Chrono Boost)  
  185  15:58  Zealot  
  185  16:03  Pylon  
  187  16:05  Pylon  
  187  16:07  Warp Prism  
  181  16:20  Zealot x9  
  199  16:26  Shield Battery  
  199  16:29  Photon Cannon  
  199  16:31  Protoss Shields Level 1 (Chrono Boost), Photon Cannon  
  197  16:34  Photon Cannon  
  197  16:35  Photon Cannon, Pylon  
  175  16:48  Disruptor (Chrono Boost)  
  175  16:53  Archon x2  
  151  16:57  Disruptor (Chrono Boost)  
  151  17:00  Stalker x9  
  151  17:01  Stalker  
  149  17:03  Disruptor (Chrono Boost)  
  149  17:05  Zealot x3  
  133  17:13  Dark Templar  
  129  17:23  Disruptor (Chrono Boost)  
  129  17:26  Zealot, Stalker x4  
  129  17:27  Zealot x5  
  157  17:31  Disruptor (Chrono Boost)  
  151  17:38  Disruptor (Chrono Boost)  
  151  17:42  Zealot x2  
  151  17:43  Zealot, Disruptor (Chrono Boost)  
  159  17:45  Zealot  
  159  17:48  Disruptor (Chrono Boost)  
  159  17:50  Dark Templar  
  162  17:53  Zealot x2  
  153  18:03  Dark Templar  
  153  18:04  Colossus (Chrono Boost)  
  155  18:09  Disruptor (Chrono Boost)  
  153  18:18  Colossus (Chrono Boost)  
  140  18:29  Zealot x7  
  140  18:30  Nexus  
  152  18:40  Stalker x3  
  158  18:50  Pylon  
  158  18:55  Colossus (Chrono Boost)  
  164  19:03  Probe  
  164  19:04  Probe x2  
  164  19:09  Sentry x2  
  171  19:12  Zealot x5  
  171  19:16  Stalker  
  181  19:23  Stargate  
  180  19:34  Dark Templar x3  
  157  19:57  Zealot x4  
  155  20:09  Dark Templar x4  
  142  20:24  Stalker x3  
  137  20:34  Stalker x2  
  129  20:46  Zealot x3  
  133  20:52  Dark Templar  

Tags
 
Add a new tag
Caveats
  • Supply blocks, unpowered buildings, or Contaminate may cause inaccurate times.
  • Supply counts are checked every 10 seconds.